TOP OF THE 1ST |
---|
Nashville G-Strings batting - Pitching for Nevada Noise : RHP Isaac Pope | Pitching: RHP Isaac Pope | | Batting: SHB Jorge Flores | 0-0: Ball 1-0: Called Strike 1-1: Fly out, F7 (Flyball, 7) | Batting: LHB Miguel Rivería | 0-0: Ball 1-0: Ball 2-0: Ball 3-0: Called Strike 3-1: Swinging Strike 3-2: Strikes out swinging | Batting: RHB Sergio Márquez | 0-0: Called Strike 0-1: Foul Ball, location: 2F 0-2: Ball 1-2: DOUBLE (Flyball, 8RXD) | Batting: SHB Rob Grun | 0-0: Called Strike 0-1: Swinging Strike 0-2: Strikes out swinging | Top of the 1st over - 0 runs, 1 hit, 0 errors, 1 left on base; Nashville 0 - Nevada 0 | BOTTOM OF THE 1ST |
---|
Nevada Noise batting - Pitching for Nashville G-Strings : RHP Clint John | Pitching: RHP Clint John | | Batting: RHB Pedro Rosado | 0-0: Ball 1-0: Called Strike 1-1: SINGLE (Groundball, 56D) | Batting: RHB Fernando Gálvez | 0-0: Ball Pedro Rosado steals 2nd base 1-0: Swinging Strike 1-1: Swinging Strike 1-2: Strikes out looking | Batting: LHB Santiago Márquez | 0-0: Ball 1-0: Called Strike 1-1: Fly out, F8 (Flyball, 8LS) | Batting: RHB Luis Cruz | 0-0: Fly out, F7 (Flyball, 7LSF) | Bottom of the 1st over - 0 runs, 1 hit, 0 errors, 1 left on base; Nashville 0 - Nevada 0 | TOP OF THE 2ND |
---|
Nashville G-Strings batting - Pitching for Nevada Noise : RHP Isaac Pope | Batting: RHB Vicente Aguirre | 0-0: Ball 1-0: Foul Ball, location: 2F 1-1: Foul Ball, location: 2F 1-2: Ball 2-2: Strikes out swinging | Batting: LHB George Smith | 0-0: Called Strike 0-1: Swinging Strike 0-2: Ball 1-2: Foul Ball, location: 2F 1-2: Ground out 5-3 (Groundball, 25) | Batting: RHB Jesús Cabrera | 0-0: Foul Ball, location: 2F 0-1: Foul Ball, location: 2F 0-2: Ground out 4-3 (Groundball, 4M) | Top of the 2nd over - 0 runs, 0 hits, 0 errors, 0 left on base; Nashville 0 - Nevada 0 | BOTTOM OF THE 2ND |
---|
Nevada Noise batting - Pitching for Nashville G-Strings : RHP Clint John | Batting: LHB Pablo Reyes | 0-0: Fly out, F9 (Line Drive, 89M) | Batting: RHB Rich Ruffin | 0-0: Ball 1-0: Called Strike 1-1: Fly out, F9 (Flyball, 9D) | Batting: LHB Milton Watson | 0-0: Foul Ball, location: 2F 0-1: Ball 1-1: Foul Ball, location: 2F 1-2: Ball 2-2: Foul Ball, location: 2F 2-2: Ball 3-2: Strikes out swinging | Bottom of the 2nd over - 0 runs, 0 hits, 0 errors, 0 left on base; Nashville 0 - Nevada 0 | TOP OF THE 3RD |
---|
Nashville G-Strings batting - Pitching for Nevada Noise : RHP Isaac Pope | Batting: LHB Ramón Morales | 0-0: TRIPLE (Line Drive, 89XD) | Batting: RHB Eric Thompson | 0-0: Swinging Strike 0-1: Foul Ball, location: 2F 0-2: Reached on error, E1 (Groundball, 13) Ramón Morales scores | Batting: SHB Jorge Flores | 0-0: Called Strike 0-1: Foul Ball, location: 2F 0-2: Ball 1-2: Ball 2-2: Strikes out swinging | Batting: LHB Miguel Rivería | 0-0: Swinging Strike 0-1: Ball Eric Thompson is caught stealing 2nd base 1-1: Ground out 4-3 (Groundball, 4) | Top of the 3rd over - 1 run, 1 hit, 1 error, 0 left on base; Nashville 1 - Nevada 0 | BOTTOM OF THE 3RD |
---|
Nevada Noise batting - Pitching for Nashville G-Strings : RHP Clint John | Batting: RHB Dexter Potter | 0-0: Called Strike 0-1: Called Strike 0-2: Foul Ball, location: 2F 0-2: Ball 1-2: Foul Ball, location: 2F 1-2: Foul Ball, location: 2F 1-2: Foul Ball, location: 2F 1-2: Strikes out swinging | Batting: RHB Jorge Márquez | 0-0: Ball 1-0: Swinging Strike 1-1: Ground out 1-3 (Groundball, P) | Batting: RHB Pedro Rosado | 0-0: Ground out 5-3 (Groundball, 5L) | Bottom of the 3rd over - 0 runs, 0 hits, 0 errors, 0 left on base; Nashville 1 - Nevada 0 | TOP OF THE 4TH |
---|
Nashville G-Strings batting - Pitching for Nevada Noise : RHP Isaac Pope | Batting: RHB Sergio Márquez | 0-0: Ball 1-0: Ball 2-0: Called Strike 2-1: Foul Ball, location: 2F 2-2: Reached via error on a dropped throw, E1 | Batting: SHB Rob Grun | 0-0: Called Strike 0-1: SINGLE (Groundball, 4MD) Sergio Márquez to second | Batting: RHB Vicente Aguirre | 0-0: Foul Ball, location: 2F 0-1: Ball 1-1: Ball 2-1: Fly out, F9 (Flyball, 9S) | Batting: LHB George Smith | 0-0: Called Strike 0-1: Ball 1-1: SINGLE (Groundball, 6MD) Sergio Márquez to third Rob Grun to second Runner from 3rd tries for Home, throw and OUT! | Batting: RHB Jesús Cabrera | 0-0: Foul Ball, location: 2F 0-1: Ball 1-1: Called Strike 1-2: Foul Ball, location: 2F 1-2: Ball 2-2: Ball 3-2: Foul Ball, location: 2F 3-2: Ground out 6-3 (Groundball, 6) | Top of the 4th over - 0 runs, 2 hits, 1 error, 2 left on base; Nashville 1 - Nevada 0 | BOTTOM OF THE 4TH |
---|
Nevada Noise batting - Pitching for Nashville G-Strings : RHP Clint John | Batting: RHB Fernando Gálvez | 0-0: Ball 1-0: Ball 2-0: Swinging Strike 2-1: Ball 3-1: Foul Ball, location: 2F 3-2: Base on Balls | Batting: LHB Santiago Márquez | 0-0: Called Strike 0-1: Foul Ball, location: 2F 0-2: Foul Ball, location: 2F 0-2: Foul Ball, location: 2F 0-2: Grounds into double play, 6-4-3 (Groundball, 6) | Batting: RHB Luis Cruz | 0-0: Ball 1-0: Fly out, F8 (Flyball, 8RXD) | Bottom of the 4th over - 0 runs, 0 hits, 0 errors, 0 left on base; Nashville 1 - Nevada 0 | TOP OF THE 5TH |
---|
Nashville G-Strings batting - Pitching for Nevada Noise : RHP Isaac Pope | Batting: LHB Ramón Morales | 0-0: Swinging Strike 0-1: Called Strike 0-2: Ball 1-2: Ball 2-2: Strikes out swinging | Batting: RHB Eric Thompson | 0-0: SINGLE (Groundball, 34D) | Batting: SHB Jorge Flores | 0-0: 2-RUN HOME RUN (Flyball, 7D), Distance : 408 ft | Batting: LHB Miguel Rivería | 0-0: Called Strike 0-1: Swinging Strike 0-2: Ball 1-2: SINGLE (Groundball, 6MD) | Batting: RHB Sergio Márquez | 0-0: Ball 1-0: Called Strike 1-1: Fly out, F7 (Line Drive, 7S) | Batting: SHB Rob Grun | 0-0: Called Strike 0-1: Called Strike 0-2: Ball 1-2: Strikes out swinging | Top of the 5th over - 2 runs, 3 hits, 0 errors, 1 left on base; Nashville 3 - Nevada 0 | BOTTOM OF THE 5TH |
---|
Nevada Noise batting - Pitching for Nashville G-Strings : RHP Clint John | Batting: LHB Pablo Reyes | 0-0: Ground out 4-3 (Groundball, 34D) | Batting: RHB Rich Ruffin | 0-0: Fly out, F7 (Flyball, 7) | Batting: LHB Milton Watson | 0-0: Ball 1-0: Ball 2-0: Called Strike 2-1: Foul Ball, location: 2F 2-2: Fly out, F7 (Line Drive, 78S) | Bottom of the 5th over - 0 runs, 0 hits, 0 errors, 0 left on base; Nashville 3 - Nevada 0 | TOP OF THE 6TH |
---|
Nashville G-Strings batting - Pitching for Nevada Noise : RHP Isaac Pope | Batting: RHB Vicente Aguirre | 0-0: Ball 1-0: Swinging Strike 1-1: Ball 2-1: Ground out 6-3 (Groundball, 6S) | Batting: LHB George Smith | 0-0: Ball 1-0: Ground out 4-3 (Groundball, 4) | Batting: RHB Jesús Cabrera | 0-0: Foul Ball, location: 2F 0-1: Ball 1-1: Ball 2-1: Ball 3-1: SINGLE (Line Drive, 7LS) | Batting: LHB Ramón Morales | 0-0: Called Strike Jesús Cabrera steals 2nd base 0-1: Ball 1-1: Ball 2-1: Ground out 6-3 (Groundball, 6) | Top of the 6th over - 0 runs, 1 hit, 0 errors, 1 left on base; Nashville 3 - Nevada 0 | BOTTOM OF THE 6TH |
---|
Nevada Noise batting - Pitching for Nashville G-Strings : RHP Clint John | Batting: RHB Dexter Potter | 0-0: Foul Ball, location: 2F 0-1: Swinging Strike 0-2: SOLO HOME RUN (Flyball, 9LD), Distance : 378 ft | Batting: RHB Jorge Márquez | 0-0: Ball 1-0: Called Strike 1-1: Ball 2-1: Ball 3-1: Foul Ball, location: 2F 3-2: Strikes out looking | Batting: RHB Pedro Rosado | 0-0: Ball 1-0: Foul Ball, location: 2F 1-1: SINGLE (Line Drive, 34) | Batting: RHB Fernando Gálvez | 0-0: Ball 1-0: SINGLE (Groundball, 56D) Pedro Rosado to second | Batting: LHB Santiago Márquez | 0-0: Ball 1-0: Ball Wild Pitch! Pedro Rosado to third Fernando Gálvez to second 2-0: Foul Ball, location: 2F 2-1: Fly out, F8 (Flyball, 78S) Runner from 3rd tags up, SCORES, no throw | Batting: RHB Luis Cruz | 0-0: Called Strike 0-1: Ball 1-1: Fly out, F7 (Line Drive, 78M) | Bottom of the 6th over - 2 runs, 3 hits, 0 errors, 1 left on base; Nashville 3 - Nevada 2 | TOP OF THE 7TH |
---|
Nashville G-Strings batting - Pitching for Nevada Noise : RHP Isaac Pope | Batting: RHB Eric Thompson | 0-0: SOLO HOME RUN (Flyball, 7D), Distance : 402 ft | Batting: SHB Jorge Flores | 0-0: Ball 1-0: Foul Ball, location: 2F 1-1: Fly out, F8 (Flyball, 8LM) | Batting: LHB Miguel Rivería | 0-0: Fly out, F8 (Flyball, 8RD) | Batting: RHB Sergio Márquez | 0-0: Called Strike 0-1: Ball 1-1: Fly out, F9 (Flyball, 89S) | Top of the 7th over - 1 run, 1 hit, 0 errors, 0 left on base; Nashville 4 - Nevada 2 | BOTTOM OF THE 7TH |
---|
Nevada Noise batting - Pitching for Nashville G-Strings : RHP Clint John | Batting: LHB Pablo Reyes | 0-0: Called Strike 0-1: Swinging Strike 0-2: Strikes out swinging | Batting: RHB Rich Ruffin | 0-0: Swinging Strike 0-1: Ball 1-1: Ground out 3-1 (Groundball, 34) | Batting: LHB Milton Watson | 0-0: Called Strike 0-1: Called Strike 0-2: Ball 1-2: Foul Ball, location: 2F 1-2: Foul Ball, location: 2F 1-2: Ball 2-2: Strikes out swinging | Bottom of the 7th over - 0 runs, 0 hits, 0 errors, 0 left on base; Nashville 4 - Nevada 2 | TOP OF THE 8TH |
---|
Nashville G-Strings batting - Pitching for Nevada Noise : RHP Isaac Pope | Pitching: RHP Elton Johnston | | Batting: SHB Rob Grun | 0-0: Ball 1-0: Called Strike 1-1: Ball 2-1: DOUBLE (Line Drive, 3D) | Batting: RHB Vicente Aguirre | 0-0: Called Strike 0-1: Foul Ball, location: 2F 0-2: Strikes out looking | Batting: LHB George Smith | 0-0: Foul Ball, location: 2F 0-1: Ball 1-1: Called Strike 1-2: Strikes out swinging | Batting: RHB Jesús Cabrera | 0-0: Ball 1-0: Called Strike 1-1: Fly out, F5 (Popup, 56S) | Top of the 8th over - 0 runs, 1 hit, 0 errors, 1 left on base; Nashville 4 - Nevada 2 | BOTTOM OF THE 8TH |
---|
Nevada Noise batting - Pitching for Nashville G-Strings : RHP Clint John | Batting: RHB Dexter Potter | 0-0: Swinging Strike 0-1: Foul Ball, location: 2F 0-2: Ball 1-2: Foul Ball, location: 2F 1-2: Ball 2-2: DOUBLE (Line Drive, 9LD) | Pitching: RHP Ramiro Rivera | | Batting: RHB Jorge Márquez | 0-0: Called Strike 0-1: Ball 1-1: Swinging Strike 1-2: Strikes out looking | Batting: RHB Pedro Rosado | 0-0: Ball 1-0: Swinging Strike 1-1: Swinging Strike 1-2: Strikes out swinging | Batting: RHB Fernando Gálvez | 0-0: Fly out, F7 (Flyball, 7S) | Bottom of the 8th over - 0 runs, 1 hit, 0 errors, 1 left on base; Nashville 4 - Nevada 2 | TOP OF THE 9TH |
---|
Nashville G-Strings batting - Pitching for Nevada Noise : RHP Elton Johnston | Batting: LHB Ramón Morales | 0-0: Foul Ball, location: 2F 0-1: Ground out 3-1 (Groundball, 34) | Batting: RHB Eric Thompson | 0-0: Swinging Strike 0-1: Fly out, F7 (Flyball, 7S) | Batting: SHB Jorge Flores | 0-0: Called Strike 0-1: Swinging Strike 0-2: Strikes out swinging | Top of the 9th over - 0 runs, 0 hits, 0 errors, 0 left on base; Nashville 4 - Nevada 2 | BOTTOM OF THE 9TH |
---|
Nevada Noise batting - Pitching for Nashville G-Strings : RHP Ramiro Rivera | Pitching: RHP Johnathan Phillips | | Batting: LHB Santiago Márquez | 0-0: Ball 1-0: Foul Ball, location: 2F 1-1: Foul Ball, location: 2F 1-2: Ground out U3 (Groundball, 3) | Batting: RHB Luis Cruz | 0-0: Called Strike 0-1: Ball 1-1: Ball 2-1: Ball 3-1: Swinging Strike 3-2: Strikes out swinging, 2-3 out at first. | Batting: LHB Pablo Reyes | 0-0: Fly out, F9 (Flyball, 89M) | Bottom of the 9th over - 0 runs, 0 hits, 0 errors, 0 left on base; Nashville 4 - Nevada 2 | |